River Frogs vs Influenza
Created - April 18, 2020 at 19:10
Goals
|
River Frogs |
0 |
3 |
0 |
3 |
Influenza |
0 |
3 |
4 |
7 |
|
Shots
|
River Frogs |
13 |
17 |
3 |
33 |
Influenza |
11 |
7 |
15 |
33 |
|
1st period
No Goal
Penalties :
No Penalty
2nd period
1. River Frogs , Timothy Kunes 6 (Matt Calvert 66, Leon Draisaitl 57) at 2:40
2. Influenza , Iiro Pakarinen 31 (Calvin de Haan 50, Andre Burakovsky 62) at 4:24 (PP)
3. River Frogs , James Livingstone 12 (David Kolomatis 19) at 6:10
4. River Frogs , Justin Florek 28 (Shane Sims 37, Emerson Etem 44) at 7:14
5. Influenza , Bo Horvat 26 (Andre Burakovsky 63, Iiro Pakarinen 43) at 7:31
6. Influenza , Bo Horvat 27 (Calvin de Haan 51, Iiro Pakarinen 44) at 14:26 (PP)
Penalties :
Leon Draisaitl (Lou) for Holding (Minor) at 4:18, Leon Draisaitl (Lou) for Roughing (Minor) at 14:10
3rd period
7. Influenza , Tom Kuhnhackl 7 (Jacob Josefson 11, Nick Ritchie 6) at 1:10
8. Influenza , Luca Sbisa 9 (Jacob Josefson 12, Nick Ritchie 7) at 3:08
9. Influenza , Lucas Lessio 22 (Justin Bailey 23, Colton Sissons 21) at 9:38
10. Influenza , Nick Ritchie 16 (Tom Kuhnhackl 9, Jacob Josefson 13) at 17:03
Penalties :
Andre Burakovsky (VJB) for Hooking (Minor) at 5:56, Paul Ladue (VJB) for Tripping (Minor) at 11:37, Emerson Etem (Lou) for Cross-checking (Minor) at 19:56
Goalie Stats
Phoenix Copley (Lou), 18 saves from 23 shots - (0.783), L, 11-11-3, 43:08 minutes
Thomas Greiss (Lou), 8 saves from 10 shots - (0.800), 16:52 minutes
Malcolm Subban (VJB), 30 saves from 33 shots - (0.909), W, 28-26-3, 60:00 minutes
Players Stats for River Frogs
Player Name G A P +/- PIM S H SB GA TA FO MP PP MP PK MP
------------------------------------------------------------------------------------
Aaron Ness 0 0 0 0 0 1 5 0 2 1 0/0 20:30 1:36 0:00
Andrew Gordon 0 0 0 0 0 4 0 1 1 0 4/6 21:21 2:14 0:25
Austin Watson 0 0 0 -1 0 2 0 0 0 0 1/1 12:30 0:00 0:00
Beau Starrett 0 0 0 0 0 0 0 0 0 0 2/4 7:02 0:00 0:00
David Kolomatis 0 1 1 0 0 3 5 3 0 1 0/0 24:07 1:36 0:00
Emerson Etem 0 1 1 0 2 1 1 0 2 2 0/0 16:17 1:42 0:00
Francis Perron 0 0 0 0 0 0 0 0 0 0 0/0 0:22 0:00 0:22
James Livingstone 1 0 1 -1 0 1 0 1 1 0 0/0 12:30 0:00 0:00
Joakim Nordstrom 0 0 0 0 0 0 0 0 0 0 0/0 7:02 0:00 0:00
Justin Florek 1 0 1 0 0 5 0 0 2 1 1/2 16:18 1:42 0:00
Leon Draisaitl 0 1 1 0 4 3 0 1 3 1 19/32 20:17 2:14 0:03
Mario Lucia 0 0 0 -1 0 0 0 0 0 0 0/0 3:29 0:02 0:00
Matt Calvert 0 1 1 0 0 2 3 1 1 1 2/3 20:16 2:14 0:00
Maxim Mamin 0 0 0 -1 0 0 0 0 0 0 1/2 12:30 0:00 0:00
Ondrej Kase 0 0 0 -1 0 4 2 2 1 0 0/0 10:31 0:02 0:00
Richard Nejezchleb 0 0 0 -1 0 0 0 0 0 0 1/1 4:02 0:02 0:00
Ryan Fitzgerald 0 0 0 0 0 0 3 0 0 0 5/10 16:45 1:42 0:00
Shane Sims 0 1 1 -1 0 3 1 0 0 0 0/0 28:53 2:22 0:25
Shea Theodore 0 0 0 0 0 2 2 0 0 0 0/0 13:43 0:00 0:00
Timothy Kunes 1 0 1 -3 0 2 1 4 0 1 0/0 31:07 2:22 0:25
Players Stats for Influenza
Player Name G A P +/- PIM S H SB GA TA FO MP PP MP PK MP
------------------------------------------------------------------------------------
Andre Burakovsky 0 2 2 -1 2 4 0 1 2 1 1/2 19:23 0:25 0:25
Bo Horvat 2 0 2 -1 0 3 2 1 0 1 13/34 17:19 0:25 0:00
Brandon Montour 0 0 0 1 0 1 0 0 0 1 0/0 14:42 0:00 0:56
Calvin de Haan 0 2 2 -1 0 2 2 1 1 0 0/0 27:20 0:25 2:32
Colton Sissons 0 1 1 1 0 2 2 0 0 2 2/9 15:39 0:00 0:49
Dmitry Sinitsyn 0 0 0 1 0 1 1 1 0 1 0/0 13:51 0:00 0:05
Iiro Pakarinen 1 2 3 -1 0 2 0 1 1 0 1/2 17:19 0:25 0:00
Jacob Josefson 0 3 3 2 0 2 1 0 1 0 3/7 12:49 0:00 0:29
Justin Bailey 0 1 1 1 0 2 2 1 0 0 0/1 14:50 0:00 0:00
Kasperi Kapanen 0 0 0 0 0 1 1 0 0 0 0/0 11:36 0:00 0:00
Luca Sbisa 1 0 1 3 0 2 2 1 0 1 0/0 23:18 0:25 1:21
Lucas Lessio 1 0 1 1 0 5 2 0 1 1 0/0 15:53 0:00 0:56
Nick Ritchie 1 2 3 2 0 4 1 0 2 0 0/0 10:37 0:00 0:00
Paul Ladue 0 0 0 -2 2 0 1 1 0 2 0/0 21:36 0:00 1:11
Ryan Dzingel 0 0 0 0 0 0 1 0 0 0 2/2 15:19 0:00 2:10
Tim Erixon 0 0 0 2 0 1 0 0 0 3 0/0 19:09 0:00 1:51
Tom Kuhnhackl 1 1 2 2 0 1 1 0 0 0 0/0 11:26 0:00 0:49
Zac Dalpe 0 0 0 0 0 0 3 1 0 0 3/4 13:54 0:00 2:18
3 Stars
1 - Nick Ritchie (VJB)
2 - Tom Kuhnhackl (VJB)
3 - Jacob Josefson (VJB)
Power Play
River Frogs - 0 on 2 Attempt(s) - 0.00%
Influenza - 2 on 3 Attempt(s) - 66.67%
Penalty Kill
River Frogs - 1 on 3 Attempt(s) - 33.33%
- Score 0 goal in Penalty Kill
Influenza - 2 on 2 Attempt(s) - 100.00%
- Score 0 goal in Penalty Kill
Team Stat
River Frogs - Hits : 23 - Faceoff Wins : 36 - Blocked Shots : 13 - Penalty Minutes : 6
Influenza - Hits : 22 - Faceoff Wins : 25 - Blocked Shots : 9 - Penalty Minutes : 4
Official
Referees : Unknown
Linesman : Unknown
Game Notes
7:14 of 2nd period - River Frogs goal is going for a video replay. After video review, Goal.
Thomas Greiss enters game at 3:08 of 3rd period
Finance
Level 1 -- Attendance: 1378 (68.90%) -- Ticket Income $55,120
Level 2 -- Attendance: 739 (73.90%) -- Ticket Income $14,780
Total Attendance: 2117 (70.57%)
Total Ticket Income: $69,900
Other Income: $3,495
Total Income: $73,395
River Frogs
5 vs 5 Forward
Center Left Wing Right Wing Time % Phy DF OF
1 Leon Draisaitl Matt Calvert Andrew Gordon 40 1 2 2
2 Ryan Fitzgerald Justin Florek Emerson Etem 30 1 2 2
3 Maxim Mamin Austin Watson James Livingstone 20 1 2 2
4 Beau Starrett Joakim Nordstrom Ondrej Kase 10 1 2 2
5 vs 5 Defense
Defense Defense Time % Phy DF OF
1 Timothy Kunes Shane Sims 40 1 2 2
2 David Kolomatis Aaron Ness 30 1 2 2
3 Shea Theodore Timothy Kunes 20 1 2 2
4 Shane Sims David Kolomatis 10 1 2 2
PowerPlay Forward
Center Left Wing Right Wing Time % Phy DF OF
1 Leon Draisaitl Matt Calvert Andrew Gordon 60 1 2 2
2 Ryan Fitzgerald Justin Florek Emerson Etem 40 1 2 2
PowerPlay Defense
Defense Defense Time % Phy DF OF
1 Timothy Kunes Shane Sims 60 1 2 2
2 David Kolomatis Aaron Ness 40 1 2 2
Penalty Kill 4 Players Forward
Center Wing Time % Phy DF OF
1 Andrew Gordon Leon Draisaitl 60 1 2 2
2 Emerson Etem Matt Calvert 40 1 2 2
Penalty Kill 4 Players Defense
Defense Defense Time % Phy DF OF
1 Timothy Kunes Shane Sims 60 1 2 2
2 David Kolomatis Aaron Ness 40 1 2 2
Penalty Kill - 3 Players Forward
Forward Time % Phy DF OF
1 Andrew Gordon 60 1 2 2
2 Leon Draisaitl 40 1 2 2
Penalty Kill - 3 Players Defense
Defense Defense Time % Phy DF OF
1 Timothy Kunes Shane Sims 60 1 2 2
2 David Kolomatis Aaron Ness 40 1 2 2
4 vs 4 Forward
Center Wing Time % Phy DF OF
1 Andrew Gordon Leon Draisaitl 60 1 2 2
2 Emerson Etem Matt Calvert 40 1 2 2
4 vs 4 Defense
Defense Defense Time % Phy DF OF
1 Timothy Kunes Shane Sims 60 1 2 2
2 David Kolomatis Aaron Ness 40 1 2 2
Last Minutes Offensive
Center Left Wing Right Wing Defense Defense
Leon Draisaitl Matt Calvert Andrew Gordon Timothy Kunes Shane Sims
Last Minutes Defensive
Center Left Wing Right Wing Defense Defense
Leon Draisaitl Matt Calvert Andrew Gordon Timothy Kunes Shane Sims
Goaltenders
Starting : Phoenix Copley
Backup : Thomas Greiss
Extra Forwards
Normal : Richard Nejezchleb, Mario Lucia, Francis Perron - PP : Richard Nejezchleb, Mario Lucia - PK : Francis Perron
Extra Defensemen
Normal : Shea Theodore, Aaron Ness, Timothy Kunes - PP : Shea Theodore - PK : Aaron Ness, Timothy Kunes
Penalty Shots
Andrew Gordon, Leon Draisaitl, Emerson Etem, Matt Calvert, Justin Florek
Scratches
Jared Knight (Healthy), Anthony Bitetto (Bruised Left Arm Injury), Dillon Heatherington (Concussion Injury), François Brassard (Healthy)
Influenza
5 vs 5 Forward
Center Left Wing Right Wing Time % Phy DF OF
1 Bo Horvat Andre Burakovsky Iiro Pakarinen 40 1 2 2
2 Colton Sissons Lucas Lessio Justin Bailey 30 1 2 2
3 Zac Dalpe Ryan Dzingel Kasperi Kapanen 20 1 2 2
4 Jacob Josefson Nick Ritchie Tom Kuhnhackl 10 1 2 2
5 vs 5 Defense
Defense Defense Time % Phy DF OF
1 Calvin de Haan Paul Ladue 40 1 2 2
2 Luca Sbisa Tim Erixon 30 1 2 2
3 Dmitry Sinitsyn Brandon Montour 20 1 2 2
4 Calvin de Haan Luca Sbisa 10 1 2 2
PowerPlay Forward
Center Left Wing Right Wing Time % Phy DF OF
1 Bo Horvat Andre Burakovsky Iiro Pakarinen 60 1 2 2
2 Zac Dalpe Ryan Dzingel Justin Bailey 40 1 2 2
PowerPlay Defense
Defense Defense Time % Phy DF OF
1 Calvin de Haan Luca Sbisa 60 1 2 2
2 Paul Ladue Tim Erixon 40 1 2 2
Penalty Kill 4 Players Forward
Center Wing Time % Phy DF OF
1 Zac Dalpe Ryan Dzingel 60 1 2 2
2 Colton Sissons Tom Kuhnhackl 40 1 2 2
Penalty Kill 4 Players Defense
Defense Defense Time % Phy DF OF
1 Calvin de Haan Paul Ladue 60 1 2 2
2 Luca Sbisa Tim Erixon 40 1 2 2
Penalty Kill - 3 Players Forward
Forward Time % Phy DF OF
1 Zac Dalpe 60 1 2 2
2 Colton Sissons 40 1 2 2
Penalty Kill - 3 Players Defense
Defense Defense Time % Phy DF OF
1 Calvin de Haan Paul Ladue 60 1 2 2
2 Luca Sbisa Tim Erixon 40 1 2 2
4 vs 4 Forward
Center Wing Time % Phy DF OF
1 Bo Horvat Andre Burakovsky 60 1 2 2
2 Zac Dalpe Iiro Pakarinen 40 1 2 2
4 vs 4 Defense
Defense Defense Time % Phy DF OF
1 Calvin de Haan Paul Ladue 60 1 2 2
2 Luca Sbisa Tim Erixon 40 1 2 2
Last Minutes Offensive
Center Left Wing Right Wing Defense Defense
Bo Horvat Andre Burakovsky Iiro Pakarinen Calvin de Haan Paul Ladue
Last Minutes Defensive
Center Left Wing Right Wing Defense Defense
Zac Dalpe Andre Burakovsky Iiro Pakarinen Calvin de Haan Paul Ladue
Goaltenders
Starting : Malcolm Subban
Backup : Tyson Sexsmith
Extra Forwards
Normal : Lucas Lessio, Iiro Pakarinen, Andre Burakovsky - PP : Lucas Lessio, Colton Sissons - PK : Andre Burakovsky
Extra Defensemen
Normal : Luca Sbisa, Tim Erixon, Calvin de Haan - PP : Brandon Montour - PK : Paul Ladue, Brandon Montour
Penalty Shots
Andre Burakovsky, Bo Horvat, Zac Dalpe, Justin Bailey, Calvin de Haan
Scratches
Jordan Schroeder (Healthy), Shane Prince (Healthy), Jeff Corbett (Healthy), Henri Ikonen (Healthy), Johan Larsson (Healthy)
Mitchell Moroz (Healthy), Josh Andrerson (Healthy), Jesse Graham (Healthy), Roland McKeown (Healthy), Jake Walman (Healthy)
Conner Bleackley (Healthy), Brycen Martin (Healthy), Jaden Lindo (Healthy), Jamie Phillips (Healthy)
% Time on Ice - River Frogs
Lines # - Real PCT - Wanted PCT - Time Play
Normal Forward
1 - 39% - 40% - 21:29
2 - 26% - 30% - 14:36
3 - 22% - 20% - 12:30
4 - 13% - 10% - 7:02
Normal Defense
1 - 36% - 40% - 19:55
2 - 34% - 30% - 18:44
3 - 20% - 20% - 11:18
4 - 10% - 10% - 5:40
PP Forward
1 - 57% - 60% - 2:16
2 - 43% - 40% - 1:42
PP Defense
1 - 60% - 60% - 2:22
2 - 40% - 40% - 1:36
PK Forward
1 - 100% - 60% - 0:25
2 - 0% - 40% - 0:00
PK Defense
1 - 100% - 60% - 0:25
2 - 0% - 40% - 0:00
PK3 Forward
1 - 0% - 60%
2 - 0% - 40%
PK3 Defense
1 - 0% - 60%
2 - 0% - 40%
44 Forward
1 - 0% - 60%
2 - 0% - 40%
44 Defense
1 - 0% - 60%
2 - 0% - 40%
Last Minute Offensive - 0:00
Last Minute Defensive - 0:00
Total
Forward - 60:00
Defense - 60:00
|
% Time on Ice - Influenza
Lines # - Real PCT - Wanted PCT - Time Play
Normal Forward
1 - 33% - 40% - 18:34
2 - 27% - 30% - 14:50
3 - 21% - 20% - 11:36
4 - 19% - 10% - 10:37
Normal Defense
1 - 37% - 40% - 20:26
2 - 31% - 30% - 17:18
3 - 25% - 20% - 13:39
4 - 8% - 10% - 4:14
PP Forward
1 - 100% - 60% - 0:25
2 - 0% - 40% - 0:00
PP Defense
1 - 100% - 60% - 0:25
2 - 0% - 40% - 0:00
PK Forward
1 - 79% - 60% - 3:09
2 - 21% - 40% - 0:49
PK Defense
1 - 66% - 60% - 2:37
2 - 34% - 40% - 1:21
PK3 Forward
1 - 0% - 60%
2 - 0% - 40%
PK3 Defense
1 - 0% - 60%
2 - 0% - 40%
44 Forward
1 - 0% - 60%
2 - 0% - 40%
44 Defense
1 - 0% - 60%
2 - 0% - 40%
Last Minute Offensive - 0:00
Last Minute Defensive - 0:00
Total
Forward - 60:00
Defense - 60:00
|
Play-by-Play
1st period
0:01 of 1st period - Bo Horvat wins face-off versus Leon Draisaitl in neutral zone.
0:04 of 1st period - Snap shot by Bo Horvat.
0:04 of 1st period - Stopped by Phoenix Copley without a rebound.
0:05 of 1st period - Leon Draisaitl wins face-off versus Bo Horvat in River Frogs zone.
0:37 of 1st period - Slapshot by Lucas Lessio.
0:37 of 1st period - Stopped by Phoenix Copley without a rebound.
0:38 of 1st period - Austin Watson wins face-off versus Justin Bailey in River Frogs zone.
0:51 of 1st period - Slapshot by Lucas Lessio.
0:51 of 1st period - Shot Misses the Net.
0:53 of 1st period - Slapshot by Luca Sbisa.
0:53 of 1st period - Deflect By Justin Bailey.
0:53 of 1st period - Stopped by Phoenix Copley with a rebound.
1:31 of 1st period - Wrist shot by Lucas Lessio.
1:31 of 1st period - Stopped by Phoenix Copley with a rebound.
1:35 of 1st period - Slapshot by Colton Sissons.
1:35 of 1st period - Stopped by Phoenix Copley with a rebound.
1:37 of 1st period - Slapshot by Calvin de Haan.
1:37 of 1st period - Stopped by Phoenix Copley with a rebound.
1:39 of 1st period - Slapshot by Colton Sissons.
1:39 of 1st period - Shot Misses the Net.
1:41 of 1st period - Slapshot by Calvin de Haan.
1:41 of 1st period - Shot Blocked by David Kolomatis.
2:19 of 1st period - Backhand shot by Calvin de Haan.
2:19 of 1st period - Shot Blocked by Timothy Kunes.
2:29 of 1st period - Slapshot by Shea Theodore.
2:29 of 1st period - Stopped by Malcolm Subban with a rebound.
2:34 of 1st period - Icing by Justin Bailey.
2:35 of 1st period - Leon Draisaitl wins face-off versus Colton Sissons in Influenza zone.
2:36 of 1st period - Wrist shot by Andrew Gordon.
2:36 of 1st period - Stopped by Malcolm Subban with a rebound.
2:50 of 1st period - Snap shot by Leon Draisaitl.
2:50 of 1st period - Stopped by Malcolm Subban with a rebound.
3:00 of 1st period - Paul Ladue is hit by David Kolomatis and loses puck.
3:07 of 1st period - Snap shot by Justin Florek.
3:07 of 1st period - Stopped by Malcolm Subban with a rebound.
3:25 of 1st period - Wrist shot by Bo Horvat.
3:25 of 1st period - Shot Misses the Net.
4:40 of 1st period - Zac Dalpe is hit by Aaron Ness and loses puck.
4:53 of 1st period - Tom Kuhnhackl is hit by Ryan Fitzgerald and loses puck.
5:20 of 1st period - Shea Theodore is hit by Zac Dalpe and loses puck.
6:01 of 1st period - Ryan Dzingel is hit by Matt Calvert and loses puck.
6:49 of 1st period - Icing by Emerson Etem.
6:50 of 1st period - Bo Horvat wins face-off versus Leon Draisaitl in River Frogs zone.
6:58 of 1st period - Brandon Montour is hit by Aaron Ness and loses puck.
7:09 of 1st period - Austin Watson is hit by Dmitry Sinitsyn and loses puck.
7:30 of 1st period - Calvin de Haan is hit by David Kolomatis and loses puck.
8:52 of 1st period - Shane Sims is hit by Bo Horvat and loses puck.
9:52 of 1st period - Icing by Luca Sbisa.
9:53 of 1st period - Leon Draisaitl wins face-off versus Colton Sissons in Influenza zone.
12:38 of 1st period - Luca Sbisa is hit by Timothy Kunes and loses puck.
13:12 of 1st period - Wrist shot by Emerson Etem.
13:12 of 1st period - Shot Blocked by Andre Burakovsky.
13:14 of 1st period - Slapshot by David Kolomatis.
13:14 of 1st period - Stopped by Malcolm Subban without a rebound.
13:15 of 1st period - Leon Draisaitl wins face-off versus Bo Horvat in Influenza zone.
13:18 of 1st period - Snap shot by Leon Draisaitl.
13:18 of 1st period - Stopped by Malcolm Subban without a rebound.
13:19 of 1st period - Bo Horvat wins face-off versus Leon Draisaitl in Influenza zone.
13:46 of 1st period - Justin Florek is hit by Lucas Lessio and loses puck.
14:17 of 1st period - Snap shot by Timothy Kunes.
14:17 of 1st period - Stopped by Malcolm Subban with a rebound.
14:19 of 1st period - Snap shot by Austin Watson.
14:19 of 1st period - Shot Misses the Net.
14:29 of 1st period - Slapshot by Shane Sims.
14:29 of 1st period - Shot Misses the Net.
14:31 of 1st period - Slapshot by Shane Sims.
14:31 of 1st period - Stopped by Malcolm Subban with a rebound.
14:33 of 1st period - Slapshot by Shane Sims.
14:33 of 1st period - Shot Misses the Net.
14:35 of 1st period - Snap shot by Ondrej Kase.
14:35 of 1st period - Stopped by Malcolm Subban without a rebound.
14:36 of 1st period - Bo Horvat wins face-off versus Beau Starrett in Influenza zone.
14:40 of 1st period - Off-side.
14:41 of 1st period - Matt Calvert wins face-off versus Iiro Pakarinen in neutral zone.
14:46 of 1st period - Slapshot by David Kolomatis.
14:46 of 1st period - Shot Blocked by Iiro Pakarinen.
14:55 of 1st period - Icing by Andre Burakovsky.
14:56 of 1st period - Ryan Fitzgerald wins face-off versus Bo Horvat in Influenza zone.
15:13 of 1st period - Andre Burakovsky is hit by Emerson Etem and loses puck.
15:53 of 1st period - Slapshot by Aaron Ness.
15:53 of 1st period - Shot Blocked by Dmitry Sinitsyn.
15:59 of 1st period - Aaron Ness is hit by Justin Bailey and loses puck.
16:12 of 1st period - Slapshot by Jacob Josefson.
16:12 of 1st period - Deflect By Tom Kuhnhackl.
16:12 of 1st period - Shot Misses the Net.
16:12 of 1st period - Puck is out of play.
16:13 of 1st period - Jacob Josefson wins face-off versus Leon Draisaitl in River Frogs zone.
16:14 of 1st period - Snap shot by Nick Ritchie.
16:14 of 1st period - Stopped by Phoenix Copley without a rebound.
16:15 of 1st period - Jacob Josefson wins face-off versus Leon Draisaitl in River Frogs zone.
16:16 of 1st period - Slapshot by Nick Ritchie.
16:16 of 1st period - Stopped by Phoenix Copley without a rebound.
16:17 of 1st period - Jacob Josefson wins face-off versus Leon Draisaitl in River Frogs zone.
16:49 of 1st period - Icing by Paul Ladue.
16:50 of 1st period - Bo Horvat wins face-off versus Justin Florek in Influenza zone.
17:14 of 1st period - Calvin de Haan is hit by David Kolomatis and loses puck.
17:19 of 1st period - Snap shot by Leon Draisaitl.
17:19 of 1st period - Shot Blocked by Bo Horvat.
17:21 of 1st period - Slapshot by Andrew Gordon.
17:21 of 1st period - Shot Misses the Net.
17:23 of 1st period - Slapshot by Andrew Gordon.
17:23 of 1st period - Shot Misses the Net.
17:39 of 1st period - Snap shot by James Livingstone.
17:39 of 1st period - Shot Misses the Net.
17:41 of 1st period - Slapshot by Shea Theodore.
17:41 of 1st period - Stopped by Malcolm Subban with a rebound.
18:12 of 1st period - Wrist shot by Colton Sissons.
18:12 of 1st period - Shot Misses the Net.
18:14 of 1st period - Snap shot by Lucas Lessio.
18:14 of 1st period - Shot Blocked by Ondrej Kase.
18:16 of 1st period - Slapshot by Tim Erixon.
18:16 of 1st period - Deflect By Justin Bailey.
18:16 of 1st period - Stopped by Phoenix Copley with a rebound.
18:34 of 1st period - Slapshot by Andrew Gordon.
18:34 of 1st period - Stopped by Malcolm Subban without a rebound.
18:35 of 1st period - Leon Draisaitl wins face-off versus Bo Horvat in Influenza zone.
18:48 of 1st period - Snap shot by Andre Burakovsky.
18:48 of 1st period - Stopped by Phoenix Copley with a rebound.
18:50 of 1st period - Wrist shot by Tim Erixon.
18:50 of 1st period - Stopped by Phoenix Copley with a rebound.
19:10 of 1st period - Wrist shot by Justin Florek.
19:10 of 1st period - Stopped by Malcolm Subban without a rebound.
19:11 of 1st period - Ryan Fitzgerald wins face-off versus Bo Horvat in Influenza zone.
19:16 of 1st period - Snap shot by Emerson Etem.
19:16 of 1st period - Shot Misses the Net.
19:36 of 1st period - Zac Dalpe is hit by Shea Theodore and loses puck.
19:57 of 1st period - Slapshot by Shea Theodore.
19:57 of 1st period - Deflect By Austin Watson.
19:57 of 1st period - Stopped by Malcolm Subban without a rebound.
19:58 of 1st period - Maxim Mamin wins face-off versus Jacob Josefson in Influenza zone.
Goals for this period are 0 for River Frogs vs 0 for Influenza.
Shots for this period are 13 for River Frogs vs 11 for Influenza.
2nd period
0:01 of 2nd period - Leon Draisaitl wins face-off versus Bo Horvat in neutral zone.
1:09 of 2nd period - Snap shot by David Kolomatis.
1:09 of 2nd period - Stopped by Malcolm Subban with a rebound.
1:39 of 2nd period - Matt Calvert is hit by Bo Horvat and loses puck.
2:04 of 2nd period - Backhand shot by David Kolomatis.
2:04 of 2nd period - Deflect By Justin Florek.
2:04 of 2nd period - Shot Blocked by Calvin de Haan.
2:04 of 2nd period - Puck is out of play.
2:05 of 2nd period - Zac Dalpe wins face-off versus Maxim Mamin in Influenza zone.
2:12 of 2nd period - Austin Watson is hit by Zac Dalpe and loses puck.
2:31 of 2nd period - Andre Burakovsky is hit by Matt Calvert and loses puck.
2:36 of 2nd period - Snap shot by Leon Draisaitl.
2:36 of 2nd period - Shot Misses the Net.
2:38 of 2nd period - Wrist shot by Matt Calvert.
2:38 of 2nd period - Stopped by Malcolm Subban with a rebound.
2:40 of 2nd period - Slapshot by Timothy Kunes.
2:40 of 2nd period - Deflect By Iiro Pakarinen.
2:40 of 2nd period - Goal by Timothy Kunes - River Frogs : 1 - Influenza : 0.
2:41 of 2nd period - Bo Horvat wins face-off versus Leon Draisaitl in neutral zone.
2:54 of 2nd period - Snap shot by Iiro Pakarinen.
2:54 of 2nd period - Shot Blocked by Timothy Kunes.
3:19 of 2nd period - Snap shot by Justin Bailey.
3:19 of 2nd period - Shot Blocked by James Livingstone.
3:34 of 2nd period - Slapshot by Shane Sims.
3:34 of 2nd period - Shot Misses the Net.
3:36 of 2nd period - Slapshot by Timothy Kunes.
3:36 of 2nd period - Deflect By Justin Florek.
3:36 of 2nd period - Stopped by Malcolm Subban with a rebound.
3:38 of 2nd period - Wrist shot by Shane Sims.
3:38 of 2nd period - Stopped by Malcolm Subban with a rebound.
3:42 of 2nd period - Wrist shot by Emerson Etem.
3:42 of 2nd period - Shot Misses the Net.
4:01 of 2nd period - Icing by Zac Dalpe.
4:02 of 2nd period - Ryan Dzingel wins face-off versus Leon Draisaitl in Influenza zone.
4:02 of 2nd period - Ryan Dzingel is hit by Aaron Ness.
4:18 of 2nd period - Minor Penalty to Leon Draisaitl for Holding.
4:19 of 2nd period - Bo Horvat wins face-off versus Andrew Gordon in River Frogs zone.
4:20 of 2nd period - Wrist shot by Andre Burakovsky.
4:20 of 2nd period - Stopped by Phoenix Copley with a rebound.
4:22 of 2nd period - Slapshot by Calvin de Haan.
4:22 of 2nd period - Shot Blocked by Timothy Kunes.
4:24 of 2nd period - Snap shot by Iiro Pakarinen.
4:24 of 2nd period - Goal by Iiro Pakarinen - River Frogs : 1 - Influenza : 1.
4:25 of 2nd period - Bo Horvat wins face-off versus Leon Draisaitl in neutral zone.
4:52 of 2nd period - Snap shot by Jacob Josefson.
4:52 of 2nd period - Shot Blocked by Leon Draisaitl.
5:38 of 2nd period - Leon Draisaitl is hit by Kasperi Kapanen and loses puck.
6:00 of 2nd period - Snap shot by Andre Burakovsky.
6:00 of 2nd period - Shot Misses the Net.
6:10 of 2nd period - Wrist shot by James Livingstone.
6:10 of 2nd period - Goal by James Livingstone - River Frogs : 2 - Influenza : 1.
6:11 of 2nd period - Bo Horvat wins face-off versus Ryan Fitzgerald in neutral zone.
6:21 of 2nd period - Off-side.
6:22 of 2nd period - Iiro Pakarinen wins face-off versus Ryan Fitzgerald in neutral zone.
6:37 of 2nd period - Snap shot by Emerson Etem.
6:37 of 2nd period - Stopped by Malcolm Subban without a rebound.
6:38 of 2nd period - Andrew Gordon wins face-off versus Colton Sissons in Influenza zone.
6:41 of 2nd period - Snap shot by Matt Calvert.
6:41 of 2nd period - Stopped by Malcolm Subban without a rebound.
6:42 of 2nd period - Leon Draisaitl wins face-off versus Colton Sissons in Influenza zone.
7:04 of 2nd period - Icing by Paul Ladue.
7:05 of 2nd period - Bo Horvat wins face-off versus Ryan Fitzgerald in Influenza zone.
7:10 of 2nd period - Wrist shot by Emerson Etem.
7:10 of 2nd period - Shot Misses the Net.
7:12 of 2nd period - Slapshot by Shane Sims.
7:12 of 2nd period - Stopped by Malcolm Subban with a rebound.
7:14 of 2nd period - Wrist shot by Justin Florek.
7:14 of 2nd period - River Frogs goal is going for a video replay.
7:14 of 2nd period - The goal is good.
7:14 of 2nd period - Goal by Justin Florek - River Frogs : 3 - Influenza : 1.
7:15 of 2nd period - Leon Draisaitl wins face-off versus Bo Horvat in neutral zone.
7:29 of 2nd period - Wrist shot by Andre Burakovsky.
7:29 of 2nd period - Stopped by Phoenix Copley with a rebound.
7:31 of 2nd period - Wrist shot by Bo Horvat.
7:31 of 2nd period - Goal by Bo Horvat - River Frogs : 3 - Influenza : 2.
7:32 of 2nd period - Leon Draisaitl wins face-off versus Bo Horvat in neutral zone.
8:04 of 2nd period - Slapshot by Aaron Ness.
8:04 of 2nd period - Shot Misses the Net.
8:06 of 2nd period - Wrist shot by Leon Draisaitl.
8:06 of 2nd period - Stopped by Malcolm Subban with a rebound.
8:08 of 2nd period - Wrist shot by Andrew Gordon.
8:08 of 2nd period - Shot Misses the Net.
8:10 of 2nd period - Wrist shot by Leon Draisaitl.
8:10 of 2nd period - Shot Misses the Net.
8:12 of 2nd period - Slapshot by Aaron Ness.
8:12 of 2nd period - Stopped by Malcolm Subban without a rebound.
8:13 of 2nd period - Justin Florek wins face-off versus Bo Horvat in Influenza zone.
9:00 of 2nd period - Slapshot by Tom Kuhnhackl.
9:00 of 2nd period - Deflect By Nick Ritchie.
9:00 of 2nd period - Shot Misses the Net.
9:00 of 2nd period - Puck is out of play.
9:01 of 2nd period - Beau Starrett wins face-off versus Jacob Josefson in River Frogs zone.
9:01 of 2nd period - Beau Starrett is hit by Jacob Josefson.
9:13 of 2nd period - Slapshot by Paul Ladue.
9:13 of 2nd period - Shot Blocked by David Kolomatis.
9:30 of 2nd period - Calvin de Haan is hit by David Kolomatis and loses puck.
9:47 of 2nd period - Snap shot by Lucas Lessio.
9:47 of 2nd period - Shot Misses the Net.
10:07 of 2nd period - Ryan Dzingel is hit by Shane Sims and loses puck.
10:55 of 2nd period - Wrist shot by Zac Dalpe.
10:55 of 2nd period - Shot Misses the Net.
11:01 of 2nd period - David Kolomatis is hit by Ryan Dzingel and loses puck.
11:44 of 2nd period - Snap shot by Austin Watson.
11:44 of 2nd period - Deflect By Zac Dalpe.
11:44 of 2nd period - Stopped by Malcolm Subban with a rebound.
11:46 of 2nd period - Slapshot by David Kolomatis.
11:46 of 2nd period - Stopped by Malcolm Subban without a rebound.
11:47 of 2nd period - Leon Draisaitl wins face-off versus Bo Horvat in Influenza zone.
12:22 of 2nd period - Wrist shot by Colton Sissons.
12:22 of 2nd period - Shot Misses the Net.
12:32 of 2nd period - Emerson Etem is hit by Tom Kuhnhackl and loses puck.
12:57 of 2nd period - Wrist shot by Ondrej Kase.
12:57 of 2nd period - Shot Misses the Net.
12:59 of 2nd period - Snap shot by Ondrej Kase.
12:59 of 2nd period - Shot Misses the Net.
13:01 of 2nd period - Snap shot by Ondrej Kase.
13:01 of 2nd period - Stopped by Malcolm Subban without a rebound.
13:02 of 2nd period - Leon Draisaitl wins face-off versus Colton Sissons in Influenza zone.
13:46 of 2nd period - Emerson Etem is hit by Paul Ladue and loses puck.
14:10 of 2nd period - Minor Penalty to Leon Draisaitl for Roughing.
14:11 of 2nd period - Bo Horvat wins face-off versus Andrew Gordon in River Frogs zone.
14:16 of 2nd period - Snap shot by Iiro Pakarinen.
14:16 of 2nd period - Deflect By Andre Burakovsky.
14:16 of 2nd period - Stopped by Phoenix Copley without a rebound.
14:17 of 2nd period - Andrew Gordon wins face-off versus Bo Horvat in River Frogs zone.
14:22 of 2nd period - Backhand shot by Iiro Pakarinen.
14:22 of 2nd period - Stopped by Phoenix Copley with a rebound.
14:24 of 2nd period - Slapshot by Calvin de Haan.
14:24 of 2nd period - Shot Blocked by Andrew Gordon.
14:26 of 2nd period - Wrist shot by Bo Horvat.
14:26 of 2nd period - Goal by Bo Horvat - River Frogs : 3 - Influenza : 3.
14:27 of 2nd period - Leon Draisaitl wins face-off versus Andre Burakovsky in neutral zone.
14:29 of 2nd period - Timothy Kunes is hit by Calvin de Haan and loses puck.
15:06 of 2nd period - Wrist shot by Nick Ritchie.
15:06 of 2nd period - Shot Misses the Net.
15:50 of 2nd period - Slapshot by Calvin de Haan.
15:50 of 2nd period - Deflect By Ryan Dzingel.
15:50 of 2nd period - Shot Misses the Net.
15:50 of 2nd period - Puck is out of play.
15:51 of 2nd period - Bo Horvat wins face-off versus Beau Starrett in River Frogs zone.
15:56 of 2nd period - Snap shot by Andre Burakovsky.
15:56 of 2nd period - Shot Misses the Net.
16:05 of 2nd period - Icing by Joakim Nordstrom.
16:06 of 2nd period - Beau Starrett wins face-off versus Colton Sissons in River Frogs zone.
16:06 of 2nd period - Beau Starrett is hit by Luca Sbisa.
16:18 of 2nd period - Snap shot by Ondrej Kase.
16:18 of 2nd period - Stopped by Malcolm Subban with a rebound.
16:20 of 2nd period - Slapshot by David Kolomatis.
16:20 of 2nd period - Shot Misses the Net.
16:22 of 2nd period - Slapshot by David Kolomatis.
16:22 of 2nd period - Shot Misses the Net.
16:24 of 2nd period - Snap shot by Ondrej Kase.
16:24 of 2nd period - Shot Misses the Net.
16:26 of 2nd period - Slapshot by David Kolomatis.
16:26 of 2nd period - Shot Blocked by Justin Bailey.
16:28 of 2nd period - Slapshot by David Kolomatis.
16:28 of 2nd period - Deflect By Ondrej Kase.
16:28 of 2nd period - Shot Misses the Net.
16:28 of 2nd period - Puck is out of play.
16:29 of 2nd period - Leon Draisaitl wins face-off versus Bo Horvat in Influenza zone.
16:56 of 2nd period - Ryan Fitzgerald is hit by Zac Dalpe and loses puck.
17:19 of 2nd period - Timothy Kunes is hit by Colton Sissons.
18:24 of 2nd period - Wrist shot by Justin Florek.
18:24 of 2nd period - Stopped by Malcolm Subban with a rebound.
19:03 of 2nd period - Colton Sissons is hit by Matt Calvert and loses puck.
19:24 of 2nd period - Iiro Pakarinen is hit by David Kolomatis and loses puck.
Goals for this period are 3 for River Frogs vs 3 for Influenza.
Shots for this period are 17 for River Frogs vs 7 for Influenza.
3rd period
0:01 of 3rd period - Leon Draisaitl wins face-off versus Bo Horvat in neutral zone.
1:06 of 3rd period - Wrist shot by Jacob Josefson.
1:06 of 3rd period - Stopped by Phoenix Copley with a rebound.
1:08 of 3rd period - Wrist shot by Jacob Josefson.
1:08 of 3rd period - Stopped by Phoenix Copley with a rebound.
1:10 of 3rd period - Slapshot by Tom Kuhnhackl.
1:10 of 3rd period - Deflect By Aaron Ness.
1:10 of 3rd period - Goal by Tom Kuhnhackl - River Frogs : 3 - Influenza : 4.
1:11 of 3rd period - Leon Draisaitl wins face-off versus Bo Horvat in neutral zone.
1:38 of 3rd period - Shane Sims is hit by Colton Sissons and loses puck.
1:47 of 3rd period - Slapshot by Colton Sissons.
1:47 of 3rd period - Stopped by Phoenix Copley with a rebound.
2:34 of 3rd period - Icing by Nick Ritchie.
2:35 of 3rd period - Matt Calvert wins face-off versus Jacob Josefson in Influenza zone.
3:06 of 3rd period - Slapshot by Jacob Josefson.
3:06 of 3rd period - Shot Misses the Net.
3:08 of 3rd period - Slapshot by Luca Sbisa.
3:08 of 3rd period - Deflect By Timothy Kunes.
3:08 of 3rd period - Goal by Luca Sbisa - River Frogs : 3 - Influenza : 5.
3:08 of 3rd period - Thomas Greiss enters game.
3:09 of 3rd period - Leon Draisaitl wins face-off versus Bo Horvat in neutral zone.
3:49 of 3rd period - Shane Sims is hit by Lucas Lessio.
4:13 of 3rd period - Slapshot by Timothy Kunes.
4:13 of 3rd period - Deflect By Emerson Etem.
4:13 of 3rd period - Shot Blocked by Paul Ladue.
4:13 of 3rd period - Puck is out of play.
4:14 of 3rd period - Leon Draisaitl wins face-off versus Bo Horvat in Influenza zone.
4:46 of 3rd period - Snap shot by Kasperi Kapanen.
4:46 of 3rd period - Stopped by Thomas Greiss without a rebound.
4:47 of 3rd period - Ryan Fitzgerald wins face-off versus Bo Horvat in River Frogs zone.
5:37 of 3rd period - Slapshot by Zac Dalpe.
5:37 of 3rd period - Shot Misses the Net.
5:39 of 3rd period - Slapshot by Dmitry Sinitsyn.
5:39 of 3rd period - Stopped by Thomas Greiss without a rebound.
5:40 of 3rd period - Bo Horvat wins face-off versus Ryan Fitzgerald in River Frogs zone.
5:56 of 3rd period - Minor Penalty to Andre Burakovsky for Hooking.
5:57 of 3rd period - Leon Draisaitl wins face-off versus Zac Dalpe in Influenza zone.
6:04 of 3rd period - Wrist shot by Andrew Gordon.
6:04 of 3rd period - Stopped by Malcolm Subban without a rebound.
6:05 of 3rd period - Zac Dalpe wins face-off versus Leon Draisaitl in Influenza zone.
6:36 of 3rd period - Slapshot by Timothy Kunes.
6:36 of 3rd period - Shot Blocked by Luca Sbisa.
6:38 of 3rd period - Snap shot by Ryan Fitzgerald.
6:38 of 3rd period - Deflect By Justin Florek.
6:38 of 3rd period - Shot Blocked by Zac Dalpe.
6:38 of 3rd period - Puck is out of play.
6:39 of 3rd period - Ryan Dzingel wins face-off versus Ryan Fitzgerald in Influenza zone.
7:56 of 3rd period - Penalty to Andre Burakovsky is over, Andre Burakovsky is back on ice.
8:01 of 3rd period - Icing by Andre Burakovsky.
8:02 of 3rd period - Andre Burakovsky wins face-off versus Matt Calvert in Influenza zone.
8:24 of 3rd period - Snap shot by James Livingstone.
8:24 of 3rd period - Shot Hit the Post.
9:12 of 3rd period - Jacob Josefson is hit by Aaron Ness.
9:38 of 3rd period - Wrist shot by Lucas Lessio.
9:38 of 3rd period - Goal by Lucas Lessio - River Frogs : 3 - Influenza : 6.
9:39 of 3rd period - Colton Sissons wins face-off versus Leon Draisaitl in neutral zone.
9:42 of 3rd period - Slapshot by Calvin de Haan.
9:42 of 3rd period - Shot Misses the Net.
9:47 of 3rd period - Icing by Leon Draisaitl.
9:48 of 3rd period - Leon Draisaitl wins face-off versus Colton Sissons in River Frogs zone.
9:58 of 3rd period - Snap shot by Lucas Lessio.
9:58 of 3rd period - Shot Misses the Net.
10:10 of 3rd period - Slapshot by Calvin de Haan.
10:10 of 3rd period - Stopped by Thomas Greiss without a rebound.
10:11 of 3rd period - Ryan Fitzgerald wins face-off versus Bo Horvat in River Frogs zone.
10:54 of 3rd period - Snap shot by Andrew Gordon.
10:54 of 3rd period - Stopped by Malcolm Subban without a rebound.
10:55 of 3rd period - Andrew Gordon wins face-off versus Bo Horvat in Influenza zone.
11:20 of 3rd period - Emerson Etem is hit by Justin Bailey and loses puck.
11:37 of 3rd period - Minor Penalty to Paul Ladue for Tripping.
11:38 of 3rd period - Zac Dalpe wins face-off versus Leon Draisaitl in Influenza zone.
12:25 of 3rd period - Snap shot by Colton Sissons.
12:25 of 3rd period - Shot Blocked by Matt Calvert.
12:27 of 3rd period - Slapshot by Luca Sbisa.
12:27 of 3rd period - Deflect By Leon Draisaitl.
12:27 of 3rd period - Stopped by Thomas Greiss with a rebound.
12:29 of 3rd period - Slapshot by Tom Kuhnhackl.
12:29 of 3rd period - Shot Misses the Net.
13:37 of 3rd period - Penalty to Paul Ladue is over, Paul Ladue is back on ice.
13:37 of 3rd period - Wrist shot by Lucas Lessio.
13:37 of 3rd period - Shot Misses the Net.
13:39 of 3rd period - Slapshot by Dmitry Sinitsyn.
13:39 of 3rd period - Shot Blocked by Ondrej Kase.
13:41 of 3rd period - Slapshot by Brandon Montour.
13:41 of 3rd period - Stopped by Thomas Greiss with a rebound.
13:43 of 3rd period - Wrist shot by Lucas Lessio.
13:43 of 3rd period - Stopped by Thomas Greiss without a rebound.
13:44 of 3rd period - Richard Nejezchleb wins face-off versus Jacob Josefson in River Frogs zone.
13:51 of 3rd period - Slapshot by Ondrej Kase.
13:51 of 3rd period - Stopped by Malcolm Subban with a rebound.
14:34 of 3rd period - Tom Kuhnhackl is hit by Ondrej Kase and loses puck.
14:47 of 3rd period - Ondrej Kase is hit by Luca Sbisa and loses puck.
15:00 of 3rd period - Timothy Kunes is hit by Calvin de Haan and loses puck.
15:13 of 3rd period - Slapshot by Timothy Kunes.
15:13 of 3rd period - Shot Misses the Net.
15:41 of 3rd period - Wrist shot by Jacob Josefson.
15:41 of 3rd period - Shot Misses the Net.
15:43 of 3rd period - Wrist shot by Nick Ritchie.
15:43 of 3rd period - Stopped by Thomas Greiss with a rebound.
15:45 of 3rd period - Wrist shot by Nick Ritchie.
15:45 of 3rd period - Shot Misses the Net.
15:58 of 3rd period - Wrist shot by Tom Kuhnhackl.
15:58 of 3rd period - Shot Misses the Net.
16:04 of 3rd period - Nick Ritchie is hit by Ondrej Kase and loses puck.
16:15 of 3rd period - Brandon Montour is hit by Aaron Ness.
16:31 of 3rd period - Ondrej Kase is hit by Nick Ritchie and loses puck.
16:43 of 3rd period - Calvin de Haan is hit by Shea Theodore and loses puck.
16:59 of 3rd period - Snap shot by Jacob Josefson.
16:59 of 3rd period - Shot Blocked by Timothy Kunes.
17:01 of 3rd period - Snap shot by Tom Kuhnhackl.
17:01 of 3rd period - Shot Blocked by David Kolomatis.
17:03 of 3rd period - Wrist shot by Nick Ritchie.
17:03 of 3rd period - Goal by Nick Ritchie - River Frogs : 3 - Influenza : 7.
17:04 of 3rd period - Ryan Fitzgerald wins face-off versus Bo Horvat in neutral zone.
17:22 of 3rd period - Bo Horvat is hit by Ryan Fitzgerald and loses puck.
17:33 of 3rd period - Snap shot by Colton Sissons.
17:33 of 3rd period - Shot Misses the Net.
18:53 of 3rd period - Backhand shot by Dmitry Sinitsyn.
18:53 of 3rd period - Shot Misses the Net.
19:30 of 3rd period - Icing by Shane Sims.
19:31 of 3rd period - Colton Sissons wins face-off versus Leon Draisaitl in River Frogs zone.
19:36 of 3rd period - Snap shot by Lucas Lessio.
19:36 of 3rd period - Stopped by Thomas Greiss with a rebound.
19:48 of 3rd period - Andre Burakovsky is hit by Ryan Fitzgerald and loses puck.
19:56 of 3rd period - Minor Penalty to Emerson Etem for Cross-checking.
19:57 of 3rd period - Andrew Gordon wins face-off versus Bo Horvat in River Frogs zone.
Goals for this period are 0 for River Frogs vs 4 for Influenza.
Shots for this period are 3 for River Frogs vs 15 for Influenza.
Back to the Top